 Dungeon Crawl Stone Soup version 0.17.1-3-g152610e (webtiles) character file.

60 makiscot32 the Vexing (level 4, -5/32 HPs)
             Began as a Formicid Arcane Marksman on Feb 17, 2016.
             Was an Initiate of Vehumet.
             Slain by ololoev's ghost (7 damage)
             ... on level 4 of the Dungeon.
             The game lasted 00:18:36 (1857 turns).

makiscot32 the Vexing (Formicid Arcane Marksman)    Turns: 1857, Time: 00:18:37

Health: -5/32      AC:  2    Str: 16    XL:     4   Next: 24%
Magic:  5/5        EV: 11    Int: 13    God:    Vehumet [......]
Gold:   118        SH:  3    Dex: 10    Spells: 2 memorised, 1 level left

rFire  . . .     SeeInvis +     a - +0 hand crossbow
rCold  . . .     Clarity  .     f - +0 robe
rNeg   . . .     SustAt   .     k - +0 buckler
rPois  +         Gourm    .     (helmet unavailable)
rElec  .         Spirit   .     (no cloak)
rCorr  .         Warding  .     (no gloves)
rMut   .         Stasis   +     (no boots)
MR     .....                    (no amulet)
Stlth  +.........               (no ring)
                                n - ring of poison resistance

@: not resistant to hostile enchantments, very unstealthy
A: permanent stasis, dig shafts and tunnels, four strong arms, antennae 3
a: Dig, Shaft Self, Renounce Religion


You were on level 4 of the Dungeon.
You worshipped Vehumet.
Vehumet was noncommittal.
You were not hungry.

You visited 1 branch of the dungeon, and saw 4 of its levels.

You collected 118 gold pieces.

Inventory:

Hand Weapons
 a - a +0 hand crossbow (weapon)
 s - a +3 flail of protection
Missiles
 d - 19 bolts (quivered)
 p - 7 tomahawks
Armour
 b - a +0 robe
 f - a +0 robe (worn)
 k - a +0 buckler (worn)
Jewellery
 n - a ring of poison resistance (left hand)
Wands
 h - a wand of digging (15)
Scrolls
 i - a scroll of teleportation
 j - a scroll of amnesia
 l - a scroll of remove curse
 o - a scroll of noise {unknown}
Books
 c - a book of Debilitation

   Spells                             Type                      Level
   a - Corona                         Hexes                        1
   b - Slow                           Hexes                        2
   c - Gell's Gravitas                Hexes/Translocation          3
   d - Inner Flame                    Hexes/Fire                   3
   e - Cause Fear                     Hexes                        4
   f - Leda's Liquefaction            Hexes/Earth                  4
Comestibles
 e - 2 bread rations
 m - 2 meat rations
 q - 2 chunks of flesh


   Skills:
 + Level 1.1 Fighting
 + Level 2.2 Crossbows
 + Level 1.9 Throwing
 + Level 2.0 Dodging
 + Level 0.2 Shields
 + Level 1.2 Spellcasting
 + Level 4.2 Hexes


You had one spell level left.
You knew the following spells:

 Your Spells              Type           Power        Failure   Level  Hunger
a - Corona                Hex            ##.....      10%         1    ##.....
b - Gell's Gravitas       Hex/Tloc       #.........   67%         3    ####...


Dungeon Overview and Level Annotations

Branches:
Dungeon (4/15)
 Temple: D:4-7

Altars:
Trog
Vehumet
Zin

Annotations:
D:4 ololoev's ghost, amateur DsFi


Innate Abilities, Weirdness & Mutations

You are under a permanent stasis effect.
You can dig through walls and to a lower floor.
Your four strong arms can wield two-handed weapons with a shield.
You have a pair of large antennae on your head (SInv).


Message History

You shoot a bolt.
The bolt hits ololoev's ghost but does no damage.
Ololoev's ghost is heavily damaged.
Ololoev's ghost hits you!
Ouch! That really hurt!
* * * LOW HITPOINT WARNING * * *
Firing (i - inventory. (,) - cycle):
d - 21 bolts (quivered)
Press: ? - help, Shift-Dir - straight line, f/p - ololoev's ghost
Aim: ololoev's ghost (heavily damaged)
You shoot a bolt. The bolt barely misses ololoev's ghost.
Ololoev's ghost says, "I'll split you in two!"
Ololoev's ghost hits you.
* * * LOW HITPOINT WARNING * * *
Firing (i - inventory. (,) - cycle):
d - 20 bolts (quivered)
Press: ? - help, Shift-Dir - straight line, f/p - ololoev's ghost
Aim: ololoev's ghost (moderately damaged)
You shoot a bolt.
The bolt completely misses ololoev's ghost.
Ololoev's ghost hits you!
You die...

###### .... ..# ### #..#
#######.## #.. #####..#
#........# #.# #...#..# #.#
#..# #.# ###...###.# #..#
#.####### #........(### #..#
#.......>
#.#.#(....(.W.###..###.......#
#..$#......#@.....##.........
##.##..###.#####.............
#. #..# ...# #...#.......#. ..
#..............##........ ...
...##...#####..##....####
.....?..###... ......####
#.#.####.# ##### ##..#... #.#.
#...### ....


You could see ololoev's ghost.

Vanquished Creatures
  3 adders
  A giant cockroach (D:1)
  3 goblins
  4 hobgoblins
  2 jackals (D:1)
  6 kobolds
  A quokka (D:3)
  A ball python (D:2)
  4 bats
  A giant newt (D:4)
  9 rats
35 creatures vanquished.

Notes
Turn   | Place    | Note
--------------------------------------------------------------
     0 | D:1      | makiscot32 the Formicid Arcane Marksman began the quest for the Orb.
     0 | D:1      | Reached XP level 1. HP: 15/15 MP: 2/2
   400 | D:1      | Reached XP level 2. HP: 21/21 MP: 3/3
   462 | D:1      | Reached skill level 4 in Hexes
   799 | D:1      | Reached skill level 1 in Throwing
   806 | D:1      | Reached XP level 3. HP: 26/26 MP: 4/4
   811 | D:1      | Learned a level 3 spell: Gell's Gravitas
  1085 | D:2      | Found a bloodstained altar of Trog.
  1123 | D:2      | Found a radiant altar of Vehumet.
  1138 | D:2      | Became a worshipper of Vehumet
  1283 | D:2      | Found a glowing silver altar of Zin.
  1648 | D:3      | Reached XP level 4. HP: 30/32 MP: 5/5
  1836 | D:4      | Noticed ololoev's ghost (amateur DsFi)
  1857 | D:4      | Slain by ololoev's ghost

Action                   |  1- 3 |  4- 6 || total
-------------------------+-------+-------++-------
Melee: Hand crossbow     |     6 |     1 ||     7
 Fire: Hand crossbow     |    32 |     4 ||    36
Throw: Tomahawk          |    75 |    16 ||    91
 Cast: Corona            |     3 |       ||     3
       Gell's Gravitas   |     1 |       ||     1
 Abil: Dig               |       |     1 ||     1
  Use: Scroll            |     4 |     1 ||     5
       Potion            |     1 |     1 ||     2
  Eat: Meat ration       |     1 |       ||     1
